 Dungeon Crawl Stone Soup version 0.31.0-11-ge490571c62 (webtiles) character file.

Game seed: 9594804756582467867

72 qw the Shooter (level 4, -3/22 HPs)
             Began as a Spriggan Hunter on Feb 4, 2024.
             Slain by a gnoll
             ... wielding a +0 flail
              (6 damage)
             ... on level 3 of the Dungeon.
             The game lasted 00:00:06 (1480 turns).

qw the Shooter (Spriggan Hunter)                    Turns: 1480, Time: 00:00:07

Health: -3/22      AC:  2    Str:  7    XL:     4   Next: 6%
Magic:  5/5        EV: 19    Int: 10    God:
Gold:   63         SH:  0    Dex: 20    Spells: 3/3 levels left

rFire   . . .        a - +0 shortbow
rCold   . . .        (shield currently unavailable)
rNeg    . . .        c - +0 robe
rPois   .            (helmet restricted)
rElec   .            (no cloak)
rCorr   .            (gloves unavailable)
SInv    +            (boots unavailable)
Will    .....        (no amulet)
Stlth   ++           (no ring)
HPRegen 0.23/turn    (no ring)
MPRegen 0.09/turn

%: no passive effects
@: about to teleport, very quick
A: very small, no large weapons, unfitting armour, see invisible, speed 3
a: no special abilities


You were on level 3 of the Dungeon.
You visited 1 branch of the dungeon, and saw 3 of its levels.

You collected 63 gold pieces.


Innate Abilities, Weirdness & Mutations

You are very small and have problems with some larger weapons.
You are too small for most types of armour.
You have supernaturally acute eyesight. (SInv)
You cover ground extremely quickly. (Speed+++)


   Skills:
 - Level 1.5 Fighting
 - Level 5.0 Ranged Weapons
 + Level 4.3 Dodging
 - Level 1.5 Stealth


You had 3 spell levels left.
You didn't know any spells.
Your spell library was empty.

Inventory:

Hand Weapons
 a - a +0 shortbow (weapon)
Armour
 c - a +0 robe (worn)
Scrolls
 b - a scroll of teleportation
 f - 3 scrolls of enchant armour
Potions
 h - a potion of mutation {unknown}
 j - a potion of might {unknown}

Dungeon Overview and Level Annotations

Branches:
Dungeon (3/15)

Altars:


Message History

You kill the ball python!
Found a pair of embroidered gloves. 2 gnolls come into view.
A gnoll is wielding a +0 flail and quivering 2 throwing nets.
You shoot an arrow. The arrow hits the gnoll.
The gnoll shouts!
The gnoll is lightly wounded.
The gnoll shouts!
You hear a shout!
You shoot an arrow. The arrow hits the gnoll.
The gnoll is heavily wounded.
You shoot an arrow. The arrow hits the gnoll.
The gnoll is severely wounded.
The gnoll hits you from afar with a +0 spear.
A gnoll comes into view. It is wielding a +0 halberd.
You shoot an arrow. The arrow hits the gnoll.
The gnoll is severely wounded.
The gnoll hits you from afar with a +0 spear!
You shoot an arrow. The arrow barely misses the gnoll.
The gnoll completely misses you.
You shoot an arrow. The arrow closely misses the gnoll.
The gnoll completely misses you.
You shoot an arrow.
The arrow hits the gnoll but does no damage.
The gnoll is lightly wounded.
You shoot an arrow. The arrow barely misses the gnoll.
The gnoll misses you.
You shoot an arrow.
The arrow hits the gnoll but does no damage.
The gnoll is lightly wounded.
The gnoll barely misses you. The gnoll completely misses you.
You shoot an arrow. The arrow hits the gnoll.
The gnoll is moderately wounded.
The gnoll hits you from afar with a +0 spear.
The gnoll misses you.
1480 ||| READING 2 scrolls of teleportation.
As you read the scroll of teleportation, it crumbles to dust.
You feel strangely unstable.
The gnoll hits you from afar with a +0 spear.
The gnoll hits you with a +0 flail.
You die...

## # ##### ##...# # ##
#.#.##.# #.. .......#
#.. ..#.#### #..#####.#
##...# #....ggg.#
#...########...@#
#.(.......#####.#
##...#####.#####.####
.........#..........#
...........##.##.##.....
.........#.##.##.# #...
##.#.#####.##.##.# ..
#.###. .[##.##.# .## #
####.##.#


You could see 3 gnolls.

Vanquished Creatures
  An adder (D:2)
  3 dart slugs
  2 ribbon worms (D:2)
  An orc (D:3)
  3 bats
  3 endoplasms
  A giant cockroach (D:2)
  6 goblins
  5 hobgoblins
  5 quokkas
  6 ball pythons
  6 kobolds
  5 rats
47 creatures vanquished.

Notes
Turn   | Place    | Note
-------+----------+-------------------------------------------
     0 | D:1      | qw the Spriggan Hunter began the quest for the Orb.
     0 | D:1      | Reached XP level 1. HP: 10/10 MP: 2/2
     0 | D:1      | 0 ||| qw: Version: 0.3-a-160-g6735b56
     0 | D:1      | 0 ||| qw: Game counter: 6096
     0 | D:1      | 0 ||| qw: Melee chars always use a shield: true
     0 | D:1      | 0 ||| qw: God list: Okawaru
     0 | D:1      | 0 ||| qw: Allow faded altars: false
     0 | D:1      | 0 ||| qw: Do Orc after clearing Dungeon:15 true
     0 | D:1      | 0 ||| qw: Do second Lair branch before Depths: true
     0 | D:1      | 0 ||| qw: Lair rune preference: random
     0 | D:1      | 0 ||| qw: Goals: Normal
     0 | D:1      | 0 ||| PLANNING D:1-11
    15 | D:1      | Reached skill level 3 in Dodging
   107 | D:1      | Reached XP level 2. HP: 14/14 MP: 3/3
   360 | D:1      | Found a faded altar of an unknown god.
   390 | D:1      | 390 ||| READING scroll labelled BYCAAW POYPLOY.
   390 | D:1      | 390 ||| ENCHANTING +0 shortbow.
   391 | D:1      | 391 ||| READING scroll labelled ONOFEAXASE.
   492 | D:1      | 492 ||| DROPPING scroll of butterflies.
   604 | D:2      | 604 ||| FLEEEEING.
   606 | D:2      | 606 ||| FLEEEEING.
   608 | D:2      | 608 ||| FLEEEEING.
   609 | D:2      | 609 ||| FLEEEEING.
   611 | D:2      | 611 ||| FLEEEEING.
   639 | D:2      | Reached XP level 3. HP: 18/18 MP: 4/4
  1136 | D:2      | Reached skill level 5 in Ranged Weapons
  1273 | D:2      | 1273 ||| DROPPING scarf of harm.
  1274 | D:2      | 1274 ||| READING 2 scrolls labelled QUHIPR KAFARPH.
  1279 | D:2      | 1279 ||| READING 2 scrolls labelled WECWIZ UTHI.
  1279 | D:2      | 1279 ||| IDENTIFYING glowing grey potion
  1280 | D:2      | 1280 ||| READING scroll of identify.
  1280 | D:2      | 1280 ||| IDENTIFYING fuming clear potion
  1281 | D:2      | 1281 ||| DRINKING 3 sapphire potions.
  1282 | D:2      | 1282 ||| DROPPING potion of lignification.
  1283 | D:2      | 1283 ||| DROPPING potion of magic.
  1284 | D:2      | 1284 ||| DROPPING 2 potions of attraction.
  1423 | D:3      | Reached XP level 4. HP: 22/22 MP: 5/5
  1479 | D:3      | HP: 5/22 [gnoll/+0 spear (3)]
  1480 | D:3      | 1480 ||| READING 2 scrolls of teleportation.
  1480 | D:3      | Slain by a gnoll

Levels and vault maps discovered:
D:1:      minmay_arrival_stair_chambers, layout_rooms,
          dreamdust_ecumenical_altar_angels_and_demons, minmay_misc_feat_room
D:2:      layout_basic
D:3:      layout_loops_cross, serial_shops, nicolae_lakefront_shop, uniq_jessica

Skill      XL: |  1  2  3 |
---------------+----------+-----
Dodging        | 3 4 |  4.3
Ranged Weapons | 5 |  5.0
Fighting       | |  1.5
Stealth        | |  1.5

Action                     |  1- 3 |  4- 6 || total
---------------------------+-------+-------++-------
   Fire: Shortbow          |   104 |    13 ||   117
    Use: Scroll            |     5 |     1 ||     6
         Potion            |     1 |       ||     1
 Armour: Robe              |     2 |     5 ||     7
  Dodge: Dodged            |    13 |     6 ||    19

Table legend:
 A = Non-vault XP
 B = Vault XP
 C = Vault XP percentage of total XP
 D = Non-vault monster count
 E = Vault monster count
 F = Vault count percentage of total count
                 A         B        C        D         E       F
            +---------+---------+-------+---------+---------+-------
      Total |     103 |       0 |   0.0 |      47 |       0 |   0.0
            +---------+---------+-------+---------+---------+-------
        D:1 |      28 |       0 |   0.0 |      15 |       0 |   0.0
        D:2 |      58 |       0 |   0.0 |      24 |       0 |   0.0
        D:3 |      17 |       0 |   0.0 |       8 |       0 |   0.0
            +---------+---------+-------+---------+---------+-------
